 Dungeon Crawl Stone Soup version 0.18-a0-1778-gadce9fa (webtiles) character file.

9438 Chiseanne the Fighter (level 11, -5/90 HPs)
             Began as a Demonspawn Monk on Apr 16, 2016.
             Was an Initiate of Gozag.
             Slain by a seven-headed hydra (9 damage)
             ... on level 10 of the Dungeon.
             The game lasted 00:40:58 (8494 turns).

Chiseanne the Fighter (Demonspawn Monk)             Turns: 8494, Time: 00:40:58

Health: -5/90      AC:  7    Str: 14    XL:     11   Next: 23%
Magic:  0/20       EV: 26    Int: 13    God:    Gozag
Gold:   422        SH:  0    Dex: 20    Spells: 2 memorised, 18 levels left

rFire  + . .     SeeInvis .     a - +3 halberd (flame)
rCold  . . .     Gourm    .     h - +0 leather armour {rF+}
rNeg   + . .     Faith    .     (shield currently unavailable)
rPois  .         Spirit   +     (no helmet)
rElec  .         Dismiss  .     f - +0 cloak {+Inv}
rCorr  .         Reflect  .     (no gloves)
SustAt .         Harm     .     (no boots)
MR     .....                    k - amulet of guardian spirit
Stlth  +++.......               q - ring of positive energy
                                d - +2 ring of evasion

@: agile, gold aura, repel missiles, not resistant to hostile enchantments,
fairly stealthy
A: thin metallic scales 1, powered by death 2, spiny 2
a: Potion Petition, Call Merchant, Bribe Branch, Renounce Religion, Evoke
Invisibility


You were on level 10 of the Dungeon.
You worshipped Gozag.
Gozag was noncommittal.
You were not hungry.

You visited 1 branch of the dungeon, and saw 10 of its levels.
You also visited: Ossuary.

You collected 1564 gold pieces.
You spent 1142 gold pieces at shops.

Inventory:

Hand Weapons
 a - a +3 halberd of flaming (weapon)
 e - a +3 hunting sling of flaming
 N - a +0 broad axe
Missiles
 c - 5 sling bullets of flame
 l - 31 bolts
 p - 13 exploding sling bullets
 s - 202 arrows
 t - 23 bolts of penetration
 u - 3 tomahawks of returning (quivered)
 B - 13 poisoned needles
 F - 3 needles of confusion
 H - 13 sling bullets
Armour
 f - a +0 cloak of invisibility (worn)
 h - a +0 leather armour of fire resistance (worn)
 n - a +0 buckler
 J - a +1 plate armour of magic resistance
 M - a +2 scale mail of positive energy
Magical Staves
 K - an uncursed staff of summoning
Jewellery
 d - a +2 ring of evasion (left hand)
 j - a +4 ring of intelligence
 k - an amulet of guardian spirit (around neck)
 q - a ring of positive energy (right hand)
 C - an uncursed ring of protection from cold
 L - an uncursed ring of resist corrosion {unknown}
Scrolls
 g - 3 scrolls of amnesia
 m - 2 scrolls of recharging
 v - 2 scrolls of teleportation
 E - a scroll of blinking
Potions
 o - 4 potions of curing
 r - a potion of berserk rage
 w - 4 potions of lignification
 A - 5 potions of flight
 G - 2 potions of cancellation
 I - a potion of agility
 O - 2 potions of brilliance
 P - 2 potions of magic
 Q - a potion of might
 R - a potion of heal wounds
 T - a potion of haste
Books
 x - a book of Minor Magic

   Spells                             Type                      Level
   a - Magic Dart                     Conjuration                  1
   b - Blink                          Translocation                2
   c - Call Imp                       Summoning                    2
   d - Repel Missiles                 Charms/Air                   2
   e - Slow                           Hexes                        2
   f - Conjure Flame                  Conjuration/Fire             3
   g - Mephitic Cloud                 Conjuration/Poison/Air       3
 D - a Necronomicon

   Spells                             Type                      Level
   a - Haunt                          Necromancy/Summoning         7
   b - Borgnjor's Revivification      Necromancy                   8
   c - Death's Door                   Charms/Necromancy            8
   d - Necromutation                  Transmutation/Necromancy     8
Comestibles
 b - 8 bread rations
 i - 4 meat rations
 z - 6 slices of pizza


   Skills:
 * Level 9.9 Fighting
 - Level 5.5 Armour
 * Level 9.1 Dodging
 - Level 1.7 Stealth
 - Level 3.6 Unarmed Combat
 * Level 6.3 Spellcasting
 - Level 5.4 Charms
 * Level 2.9 Translocations


You had 18 spell levels left.
You knew the following spells:

 Your Spells              Type           Power        Failure   Level  Hunger
a - Blink                 Tloc           N/A          12%         2    #......
b - Repel Missiles        Chrm/Air       ##....       12%         2    #......


Dungeon Overview and Level Annotations

Branches:
Dungeon (10/15)              Lair (0/8) D:10            Orc (0/2) D:10
 Temple: D:4-7

Altars:
Ashenzari
Dithmenos
Gozag
Kikubaaqudgha
Okawaru
Pakellas
Qazlal
Sif Muna
Trog
Vehumet
Zin

Shops:
D:5 =}   D:10 (**!*

Annotations:
D:4 Blork the orc
D:10 1 exclusion


Innate Abilities, Weirdness & Mutations

You are partially covered in thin metallic scales (AC +2).
You regenerate health from kills.
You are mostly covered in sharp spines.


Message History

The seven-headed hydra completely misses you.
The seven-headed hydra closely misses you.
The seven-headed hydra completely misses you.
The seven-headed hydra closely misses you.
The seven-headed hydra bites you but does no damage.
The seven-headed hydra bites you!
The seven-headed hydra completely misses you.
A black bear comes into view.
You barely miss the seven-headed hydra.
The seven-headed hydra is lightly wounded.
The seven-headed hydra is struck by your spines.
The seven-headed hydra bites you!
* * * LOW HITPOINT WARNING * * *
The seven-headed hydra bites you!
* * * LOW HITPOINT WARNING * * *
The seven-headed hydra bites you.
* * * LOW HITPOINT WARNING * * *
The seven-headed hydra misses you. The seven-headed hydra bites you!
You die...
Your body crumbles into a pile of gold.

#.#####............##
# #.# ##.........###
### #........##
###......###
###.....####
###.......##
.#..........##
....#........#
.###...@..##.....
#...D### ....#
#....## ...... #?...
....... #....#
....... #/... ..#....
#....h .....#


You could see a seven-headed hydra and a black bear (wandering).

Vanquished Creatures
  Erolcha (D:9)
  A hill giant (D:10)
  Pikel (D:9)
  A manticore (D:10)
  Maurice (D:8)
  A two-headed ogre (D:8)
  15 yaks
  A human (D:8)
  2 hogs (D:8)
  A soldier ant (D:10)
  2 hell hounds (D:10)
  3 ice beasts
  A slave (D:9)
  3 orc warriors
  An ogre (D:7)
  5 centaurs
  A crocodile (D:10)
  3 elf zombies (Ossuary)
  2 big kobolds
  8 giant frogs
  A wyvern zombie (D:10)
  2 wyvern skeletons
  3 scorpions
  A water moccasin skeleton (D:9)
  10 wights (D:6)
  2 howler monkeys
  4 crimson imps
  2 centaur zombies (Ossuary)
  4 jellies
  An orc priest (D:9)
  2 hounds
  A centaur skeleton (D:10)
  2 giant frog skeletons
  5 orc wizards
  3 iguanas
  9 worker ants
  2 sheep (D:8)
  3 hound zombies
  2 mummies (Ossuary)
  A worker ant zombie (D:7)
  A howler monkey skeleton (D:6)
  7 gnolls
  11 adders
  3 shadow imps
  4 adder zombies (Ossuary)
  2 adder skeletons
  A worm (D:2)
  2 dart slugs
  6 giant geckos
  25 orcs
  2 giant cockroaches
  7 goblins
  10 hobgoblins
  5 jackals
  5 quokkas
  A ball python (D:3)
  A ball python zombie (D:6)
  8 bats
  4 giant newts
  10 hobgoblin zombies (Ossuary)
  A jackal zombie (Ossuary)
  12 kobolds
  9 kobold zombies (Ossuary)
  7 orc zombies (Ossuary)
  A quokka skeleton (D:6)
  11 rats
  A rat zombie (Ossuary)
271 creatures vanquished.

Vanquished Creatures (others)
  A slave (D:9)
  A worker ant (D:9)
2 creatures vanquished.

Grand Total: 273 creatures vanquished

Notes
Turn   | Place    | Note
--------------------------------------------------------------
     0 | D:1      | Chiseanne the Demonspawn Monk began the quest for the Orb.
     0 | D:1      | Reached XP level 1. HP: 18/18 MP: 1/1
   274 | D:1      | Gained mutation: You are partially covered in sharp spines. [demonic ancestry]
   274 | D:1      | Reached XP level 2. HP: 24/24 MP: 2/2
   599 | D:2      | Reached XP level 3. HP: 16/30 MP: 3/3
   851 | D:2      | Found an oddly glowing altar of Pakellas.
  2144 | D:3      | Reached XP level 4. HP: 37/37 MP: 4/4
  2252 | D:4      | Reached skill level 1 in Armour
  2557 | D:4      | Noticed Blork the orc
  2569 | D:5      | Entered Level 5 of the Dungeon
  2573 | D:5      | Gained mutation: You are mostly covered in sharp spines. [demonic ancestry]
  2573 | D:5      | Reached XP level 5. HP: 26/42 MP: 5/5
  2794 | D:5      | Gained mutation: You are partially covered in thin metallic scales (AC +2). [demonic ancestry]
  2794 | D:5      | Reached XP level 6. HP: 48/49 MP: 6/6
  2801 | D:5      | Found an oddly glowing altar of Pakellas.
  2801 | D:5      | Found a glowing silver altar of Zin.
  2850 | D:5      | Found Metam's Jewellery Shoppe.
  3012 | D:5      | Found Ussioshro's Gadget Shoppe.
  3099 | D:5      | Found a deep blue altar of Sif Muna.
  3215 | D:5      | Reached skill level 5 in Fighting
  3790 | D:6      | Found a sand-covered staircase.
  3799 | Ossuary  | Entered an ossuary
  3905 | Ossuary  | Reached XP level 7. HP: 53/56 MP: 7/7
  3913 | Ossuary  | Reached skill level 5 in Dodging
  4286 | D:6      | Found a radiant altar of Vehumet.
  4366 | D:6      | Gained mutation: You regenerate a little health from kills. [demonic ancestry]
  4366 | D:6      | Reached XP level 8. HP: 61/64 MP: 8/8
  4486 | D:6      | Reached skill level 5 in Armour
  4776 | D:6      | Found an iron altar of Okawaru.
  4776 | D:6      | Found an ancient bone altar of Kikubaaqudgha.
  4777 | D:6      | Found a shattered altar of Ashenzari.
  4900 | D:6      | Learned a level 2 spell: Blink
  4903 | D:6      | Learned a level 2 spell: Repel Missiles
  5134 | D:7      | Reached skill level 1 in Spellcasting
  5134 | D:7      | Reached skill level 1 in Charms
  5140 | D:7      | Got a crude spear
  5318 | D:7      | Gained mutation: You regenerate health from kills. [demonic ancestry]
  5318 | D:7      | Reached XP level 9. HP: 71/72 MP: 11/11
  5883 | D:8      | Noticed Maurice
  5922 | D:8      | Killed Maurice
  5958 | D:8      | Found a shadowy altar of Dithmenos.
  6580 | D:6      | Found an opulent altar of Gozag.
  6580 | D:6      | Found a bloodstained altar of Trog.
  6585 | D:6      | Became a worshipper of Gozag Ym Sagoz the Greedy
  6677 | D:6      | Reached XP level 10. HP: 76/81 MP: 16/16
  6762 | D:5      | Bought an uncursed amulet of guardian spirit for 420 gold pieces
  7064 | D:9      | Noticed Pikel
  7072 | D:9      | Killed Pikel
  7142 | D:9      | Found a stormy altar of Qazlal.
  7155 | D:9      | Noticed Erolcha
  7167 | D:9      | Killed Erolcha
  7175 | D:9      | Reached skill level 5 in Spellcasting
  7180 | D:9      | Reached skill level 5 in Charms
  7643 | D:10     | Entered Level 10 of the Dungeon
  7643 | D:10     | Found a staircase to the Lair.
  7656 | D:10     | Reached skill level 1 in Translocations
  7777 | D:10     | Reached XP level 11. HP: 66/89 MP: 10/19
  7836 | D:10     | Noticed a hill giant
  7846 | D:10     | Killed a hill giant
  7913 | D:10     | Noticed a fire dragon
  7999 | D:10     | Found Jiucoas's Distillery.
  8002 | D:10     | Bought a potion of berserk rage for 55 gold pieces
  8002 | D:10     | Bought a potion of magic for 88 gold pieces
  8002 | D:10     | Bought a potion of mutation for 27 gold pieces
  8002 | D:10     | Bought a potion of magic for 88 gold pieces
  8007 | D:10     | Bought a potion of agility for 44 gold pieces
  8007 | D:10     | Bought a potion of curing for 33 gold pieces
  8007 | D:10     | Bought a potion of might for 44 gold pieces
  8007 | D:10     | Bought a potion of heal wounds for 55 gold pieces
  8007 | D:10     | Bought a potion of agility for 44 gold pieces
  8007 | D:10     | Bought a potion of agility for 44 gold pieces
  8007 | D:10     | Bought a potion of flight for 33 gold pieces
  8010 | D:10     | Found Zysaowk's Assorted Antiques.
  8018 | D:10     | Bought a scroll labeled XATANNAJEWK for 27 gold pieces
  8101 | D:10     | Found Ynoeten's General Store.
  8118 | D:10     | Found a staircase to the Orcish Mines.
  8150 | D:10     | Bought a potion of haste for 140 gold pieces
  8159 | D:10     | Found Yqokas's Weapon Boutique.
  8167 | D:10     | Found Hosac's General Store.
  8484 | D:10     | Noticed an eight-headed hydra
  8494 | D:10     | HP: 4/90 [seven-headed hydra (5)]
  8494 | D:10     | Slain by a seven-headed hydra

Vault maps used:
D:1:      dpeg_arrival_pits, minmay_cut_off
D:2:      grunt_pakellas_sulfur
D:4:      minmay_temple_entry_from_below_a, uniq_blork_the_orc
D:5:      gammafunk_temple_overflow_elements, serial_curves, eino_curves_04,
          eino_curves_02, first_bread, serial_shops, shop, nicolae_shop_crystal,
          grunt_ministairs_2, tgw_sif
D:6:      nicolae_overflow_hidden_temple, lightli_ossuary_entry_decrepit_ruins,
          vehumet_altar_wand_db
D:8:      grunt_livestock, nicolae_dithmenos_shadow_blocks, uniq_maurice
D:9:      nicolae_qazlal_general_emergency, uniq_erolcha, uniq_pikel
D:10:     dragon1_lemuel, minmay_lair_entry_lava, orc_0_dummy, serial_shops,
          nicolae_shop_crystal, kennysheep_mini, shop, shop_statue,
          nicolae_shop_overgrown_old_shop
Ossuary:  ossuary_tomb_1

Skill      XL: |  1  2  3  4  5  6  7  8  9 10 11 |
---------------+----------------------------------+-----
Dodging        | 3 4 5 6 7 8 9 |  9.1
Fighting       | 4 5 6 7 8 9 |  9.9
Armour         | 1 2 3 4 5 |  5.5
Spellcasting   | 1 4 5 6 |  6.3
Charms         | 1 4 5 |  5.4
Translocations | 1 2 |  2.9
Stealth        | |  1.7
Unarmed Combat | |  3.6

Action                   |  1- 3 |  4- 6 |  7- 9 | 10-12 || total
-------------------------+-------+-------+-------+-------++-------
Melee: Unarmed           |    71 |    11 |       |       ||    82
       Punch             |     1 |       |       |       ||     1
       Halberd           |       |    66 |   216 |   126 ||   408
 Fire: Hunting sling     |       |       |     2 |    38 ||    40
Throw: Throwing net      |       |       |       |     1 ||     1
 Cast: Repel Missiles    |       |       |     1 |     1 ||     2
Evoke: Wand              |       |     2 |     5 |     5 ||    12
  Use: Scroll            |    11 |     4 |    10 |     7 ||    32
       Potion            |       |     1 |     3 |     2 ||     6
 Stab: Sleeping          |     7 |       |     1 |     3 ||    11
       Confused          |       |       |     2 |       ||     2
       Distracted        |       |       |       |     1 ||     1
  Eat: Chunk             |     4 |     4 |     9 |       ||    17
       Beef jerky        |       |     1 |       |     2 ||     3
       Fruit             |       |       |       |     3 ||     3
       Pizza             |       |       |       |     1 ||     1
Armor: Robe              |     8 |       |       |       ||     8
       Scale mail        |     5 |    26 |    34 |       ||    65
       Leather armour    |       |       |    14 |    29 ||    43
Dodge: Dodged            |    38 |    38 |   182 |   172 ||   430
       Deflected         |       |       |     2 |     3 ||     5
